 Dungeon Crawl Stone Soup version 0.30-a0-937-ga0a21ad780 (webtiles) character file.

Game seed: 13374304597991315148

41 Kodiak the Covered (level 3, -1/33 HPs)
             Began as a Minotaur Fighter on Mar 25, 2023.
             Shot with an arrow by a centaur (2 damage)
             ... on level 4 of the Dungeon.
             The game lasted 00:03:24 (854 turns).

Kodiak the Covered (Minotaur Fighter)                Turns: 854, Time: 00:03:25

Health: -1/33      AC:  7    Str: 22    XL:     3   Next: 32%
Magic:  2/2        EV:  9    Int:  5    God:
Gold:   69         SH:  4    Dex:  9    Spells: 2/2 levels left

rFire   . . .      SeeInvis .    a - +0 war axe
rCold   + . .      Faith    .    c - +0 buckler
rNeg    . . .      Spirit   .    b - +0 scale mail
rPois   .          Reflect  .    (helmet restricted)
rElec   .          Rampage  .    (no cloak)
rCorr   .                        (no gloves)
Will    .....                    (no boots) Stlth
                                 (no amulet)
HPRegen 0.25/turn                e - ring of protection from cold
MPRegen 0.08/turn                (no ring)

@: no status effects
A: horns 2, retaliatory headbutt
a: no special abilities


You were on level 4 of the Dungeon.
You visited 1 branch of the dungeon, and saw 3 of its levels.

You collected 69 gold pieces.

Inventory:

Hand Weapons
 a - a +0 war axe (weapon)
Missiles
 f - 3 boomerangs (quivered)
Armour
 b - a +0 scale mail (worn)
 c - a +0 buckler (worn)
Jewellery
 e - a ring of protection from cold (left hand)
 j - an amulet of regeneration
Scrolls
 i - a scroll of identify
Potions
 d - a potion of might
 g - a potion of ambrosia
 h - 2 potions of heal wounds


   Skills:
 + Level 4.0 Fighting
 + Level 3.1 Axes
 + Level 4.2 Armour
 + Level 4.1 Shields


You had 2 spell levels left.
You didn't know any spells.
Your spell library was empty.

Dungeon Overview and Level Annotations

Branches:
Dungeon (2/15)

Altars:
Ru

Shops:
D:1 [[*


Innate Abilities, Weirdness & Mutations

You have a pair of horns on your head.
You reflexively headbutt those who attack you in melee.


Message History

The quokka attacks as you move away!
The quokka bites you but does no damage.
The centaur shoots an arrow.
You block the arrow.
The quokka bites you but does no damage.
The centaur shoots an arrow.
The arrow misses you.
The quokka bites you but does no damage.
The quokka bites you but does no damage.
The quokka attacks as you move away! The quokka misses you.
An orc comes into view. It is wielding a +0 short sword.
The orc shouts!
You hear a shout!
The quokka bites you.
A quokka comes into view.
The quokka barely misses you. You furiously retaliate!
You headbutt the quokka!
You kill the quokka!
The centaur shoots an arrow.
The arrow closely misses you.
Found a scroll labelled SUKENL XEATWETT.
Found a stone staircase leading up.
Found 13 gold pieces.
The centaur unwields a +0 shortbow.
The centaur barely misses you.
The centaur kicks you but does no damage.
Found a stone staircase leading up.
The quokka attacks as you move away! The quokka misses you.
The centaur attacks as you move away! The centaur barely misses you.
You block the centaur's attack.
The centaur wields a +0 shortbow.
The centaur shoots an arrow.
The arrow hits you.
A hound comes into view.
The hound barks!
Found a chain mail.
You slash the hound!
The hound is heavily wounded.
You slash the quokka!
You kill the quokka!
The centaur shoots an arrow.
The arrow hits you. The hound bites you but does no damage.
The centaur shoots an arrow.
The arrow hits you!
* * * LOW HITPOINT WARNING * * *
You block the hound's attack.
Unknown command.
The centaur shoots an arrow.
The arrow hits you.
You die...

.[.. #.#. ...##...
......# ._. ..<..## ...
..... #.# <.. ... ... ..
#h# ###.### .. #.# .....
# . #@# ######.####
##.##.#.######.c.....c..
......#c##..o.og....####
......og##.######.#..#
.....#.c..g# #.##...#
$... #...### #.# ##.#
..........# ... ..
##.##..##..# ... . #..
..# ..... .


You could see 2 centaurs, a hound, a gnoll and an orc.

Vanquished Creatures
  An adder (D:4)
  A dart slug (D:1)
  4 bats (D:1)
  2 giant cockroaches
  4 goblins (D:1)
  A hobgoblin (D:1)
  A kobold (D:2)
  3 quokkas
  5 ball pythons (D:1)
  2 frilled lizards (D:1)
  5 rats (D:1)
29 creatures vanquished.

Notes
Turn   | Place    | Note
-------+----------+-------------------------------------------
     0 | D:1      | Kodiak the Minotaur Fighter began the quest for the Orb.
     0 | D:1      | Reached XP level 1. HP: 19/19 MP: 0/0
   165 | D:1      | Found Daxkot's Armour Shop.
   185 | D:1      | Reached XP level 2. HP: 27/27 MP: 1/1
   226 | D:1      | Found Kogan's Antique Armour Emporium.
   296 | D:1      | Found Mavef's Assorted Antiques.
   773 | D:2      | You fall into a shaft and drop 2 floors!
   788 | D:4      | Reached XP level 3. HP: 25/33 MP: 2/2
   809 | D:4      | Noticed a centaur
   813 | D:4      | Noticed a centaur
   831 | D:4      | Found a sacrificial altar of Ru.
   853 | D:4      | HP: 1/33 [centaur/arrow (9)]
   854 | D:4      | Shot with an arrow by a centaur

Illustrated notes

Levels and vault maps discovered:
D:1:      dpeg_arrival_arbitrary_c, layout_basic, serial_shops,
          nicolae_shop_stone, shop, shop
D:2:      layout_loops_cross, serial_shops, nicolae_lakefront_shop,
          minmay_misc_feat_columns, st_stairs_12
D:4:      layout_rooms, amcnicky_altar_gilded,
          mainiacjoe_overflow_concentric_impassable,
          nicolae_ru_sacrificial_ziggurat, minmay_manual_mares

Skill      XL: |  1  2 |
---------------+-------+-----
Armour         | 4 |  4.2
Shields        | 4 |  4.1
Fighting       | 4 |  4.0
Axes           | 3 |  3.1

Action                     || total
---------------------------++-------
  Melee: War axe           ||    44
         Headbutt          ||     6
    Use: Scroll            ||     3
         Potion            ||     2
 Armour: Scale mail        ||    31
  Dodge: Dodged            ||    37
  Block: Buckler           ||    23

Table legend: (Time is in decaauts)
 A = Elapsed time spent in this place.
 B = Non-inter-level travel time spent in this place.
 C = Inter-level travel time spent in this place.
 D = Time resting spent in this place.
 E = Time spent auto-exploring this place.
 F = Levels seen in this place.
 G = Mean time per level.
                   A        B        C        D        E       F      G
               +--------+--------+--------+--------+--------+-----+--------+
         Total |    856 |    838 |     18 |     28 |    449 |   3 |  285.3 |
       Dungeon |    856 |    838 |     18 |     28 |    449 |   3 |  285.3 |
               +--------+--------+--------+--------+--------+-----+--------+

Top non-repeatable levels by time:
     D:1: 734 daAuts
     D:4: 83 daAuts
     D:2: 37 daAuts
